 Dungeon Crawl Stone Soup version 0.24.1-14-gf8d2b509d9 (webtiles) character file.

Game seed: 2150545654293346024, levelgen mode: deterministic

6221 Gruesph the Slinger (level 11, -11/75 HPs)
             Began as a Halfling Hunter on May 21, 2020.
             Was an Elder of Okawaru.
             Mangled by a death yak (20 damage)
             ... on level 7 of the Dungeon.
             The game lasted 00:49:17 (10486 turns).

Gruesph the Slinger (Halfling Hunter)              Turns: 10486, Time: 00:49:18

Health: -11/75     AC: 12    Str: 16    XL:     11   Next: 14%
Magic:  15/15      EV: 14    Int:  9    God:    Okawaru [****..]
Gold:   16         SH:  2    Dex: 16    Spells: 8/10 levels left

rFire    + . .     SeeInvis .   b - +2 dagger (elec)
rCold    . . .     Gourm    .   (shield restricted)
rNeg     . . .     Faith    .   s - +2 ring mail {rF+}
rPois    .         Spirit   .   (no helmet)
rElec    .         Reflect  +   x - scarf {cloud immunity}
rCorr    .         Harm     .   y - +1 pair of gloves
MR       .....     Rnd*Tele +   H - +0 pair of boots
Stlth    +.........             p - +2 amulet of reflection
HPRegen  0.22/turn              J - ring of teleportation
MPRegen  0.14/turn              (no ring)

@: no status effects
A: small, mutation resistance 1
a: Heroism, Renounce Religion


You were on level 7 of the Dungeon.
You worshipped Okawaru.
Okawaru was greatly pleased with you.
You were not hungry.

You visited 2 branches of the dungeon, and saw 10 of its levels.

You collected 478 gold pieces.
You spent 462 gold pieces at shops.

Inventory:

Hand Weapons
 a - a +2 hunting sling
 b - a +2 dagger of electrocution (weapon)
Missiles
 d - 67 sling bullets
 j - 139 stones
 m - 21 poisoned darts
 n - 143 arrows
 E - 2 throwing nets (quivered)
Armour
 s - a +2 ring mail of fire resistance (worn)
 x - a scarf of cloud immunity (worn)
 y - a +1 pair of gloves (worn)
 H - a +0 pair of boots (worn)
Jewellery
 p - a +2 amulet of reflection (around neck)
 J - a ring of teleportation (left hand)
Wands
 u - a wand of clouds (1)
 w - a wand of enslavement (4)
 A - a wand of flame (30)
 D - a wand of random effects (4)
 G - a wand of iceblast (2)
Scrolls
 h - a scroll of amnesia
 i - a scroll of enchant armour
 k - 3 scrolls of fog
 l - 3 scrolls of blinking
 r - 3 scrolls of remove curse
 z - 3 scrolls of teleportation
 B - a scroll of enchant weapon
Potions
 c - 3 potions of curing
 e - 3 potions of heal wounds
 g - a potion of flight
 o - a potion of berserk rage
 q - 2 potions of magic
 t - a potion of haste
 v - 2 potions of agility
 C - a potion of invisibility
 F - 3 potions of brilliance
Comestibles
 f - 17 rations
 I - 3 chunks of flesh


   Skills:
 + Level 7.4 Fighting
 - Level 12.0 Slings
 + Level 8.1 Armour
 - Level 2.1 Dodging
 - Level 2.0 Stealth
 + Level 3.4 Transmutations
 - Level 5.1 Invocations
 - Level 5.5 Evocations


You had 8 spell levels left.
You knew the following spells:

 Your Spells              Type           Power        Failure   Level  Hunger
a - Sticks to Snakes      Tmut           #.......     26%         2    ###....

Your spell library contained the following spells:

 Spells                   Type           Power        Failure   Level  Hunger
 Beastly Appendage        Tmut           #.....       17%         1    ##.....
 Corona                   Hex            #......      56%         1    ##.....
 Ensorcelled Hibernation  Hex/Ice        #.....       71%         2    ###....
 Spider Form              Tmut/Pois      #.........   71%         3    ####...
 Confuse                  Hex            #.......     90%         3    ####...
 Dazzling Spray           Conj/Hex       #.....       90%         3    ####...
 Tukima's Dance           Hex            #.......     90%         3    ####...
 Ice Form                 Ice/Tmut       #.......     98%         4    #####..
 Blade Hands              Tmut           #.........   99%         5    ######.


Dungeon Overview and Level Annotations

Branches:
Dungeon (9/15)             Temple (1/1) D:5            Lair (0/6) D:9
    Orc: D:9-12

Altars:
Ashenzari
Cheibriados
Elyvilon
Fedhas
Gozag
Hepliaklqana
Kikubaaqudgha
Makhleb
Nemelex Xobeh
Okawaru
Qazlal
Ru
Sif Muna
Trog
Uskayaw
Wu Jian
Xom
Yredelemnul
Zin
The Shining One

Shops:
D:8 **

Annotations:
D:3 2 runed translucent doors, Crazy Yiuf; Mrkan's ghost, amateur GnFi
D:9 Joseph


Innate Abilities, Weirdness & Mutations

You are small and have problems with some larger weapons.
You are somewhat resistant to further mutation.


Message History

Aiming: Enslavement
Press: ? - help, Shift-Dir - straight line, f - death yak
Aim: a death yak (moderately wounded, chance to defeat MR: 6%)
Okay, then.
Unknown command.
You feel like a meek peon again.
The death yak snorts and paws the ground.
There is a stone staircase leading up, spattered with blood here.
The death yak closely misses you.
You climb upwards.
The death yak gores you but does no damage.
There is a stone staircase leading down here.
You hit the death yak.
Lightning courses through the death yak!!
The death yak is moderately wounded.
The death yak gores you!
* * * LOW HITPOINT WARNING * * *
The death yak gores you but does no damage.
The death yak gores you!!
You die...

#.###########.# #.###### #.#
#.#....# #.# #.#.##.### #.#
######.#......####.###
.............>.......#
...###.#.........#..##
.......##......YY...####
.......#........@[)[...#
.......#.###...#.##.##.#
.......#.###.#.#.##.##.#
......##.(.#.#.#.....<.#
......####.#.#.........#
......####.#.###.......#
......##.....#.........########
#.###.##......................#
#####..#.........##'#########.#


You could see 2 death yaks.

Vanquished Creatures
  Harold (D:7)
  A death yak (D:8)
  Grinder (D:3)
  A hippogriff (D:7)
  A vampire (D:8)
  4 hogs (D:7)
  A human (D:7)
  7 yaks
  Edmund (D:6)
  Duvessa (D:7)
  2 orc warriors
  2 black bears
  3 ogres
  2 centaurs
  Blork the orc (D:4)
  3 bullfrogs (D:7)
  Dowan (D:7)
  A water moccasin skeleton (D:9)
  4 killer bees (D:7)
  4 crimson imps
  A bullfrog skeleton (D:6)
  4 hounds
  7 orc priests
  9 orc wizards
  2 jellies
  A centaur skeleton (D:4)
  4 worker ants
  A hound zombie (D:8)
  A worker ant zombie (D:6)
  A howler monkey zombie (D:5)
  3 gnolls
  3 adders
  A shadow imp (D:8)
  2 oozes
  2 adder skeletons
  An adder zombie (D:8)
  8 worms
  3 dart slugs
  2 leopard geckos
  18 orcs
  4 giant cockroaches
  6 goblins
  12 hobgoblins
  14 jackals
  A quokka (D:8)
  3 ball pythons
  6 bats
  A frilled lizard (D:1)
  A jackal skeleton (D:6)
  6 kobolds
  A leopard gecko zombie (D:7)
  A quokka zombie (D:7)
  9 rats
181 creatures vanquished.

Vanquished Creatures (others)
  2 withered plants (D:3)
2 creatures vanquished.

Grand Total: 183 creatures vanquished

Notes
Turn   | Place    | Note
-------+----------+-------------------------------------------
     0 | D:1      | Gruesph the Halfling Hunter began the quest for the Orb.
     0 | D:1      | Reached XP level 1. HP: 14/14 MP: 1/1
    70 | D:1      | Reached skill level 6 in Slings
   164 | D:1      | Reached XP level 2. HP: 19/19 MP: 2/2
   433 | D:1      | Reached XP level 3. HP: 22/24 MP: 3/3
   549 | D:1      | Reached skill level 7 in Slings
   864 | D:1      | Reached XP level 4. HP: 17/29 MP: 4/4
  1439 | D:2      | Reached skill level 8 in Slings
  1954 | D:3      | Found a blossoming altar of Fedhas.
  2008 | D:3      | Reached XP level 5. HP: 26/34 MP: 5/5
  2126 | D:3      | Noticed Mrkan's ghost (amateur GnFi)
  2127 | D:3      | Found a runed translucent door.
  2143 | D:3      | You fall into a shaft and drop 3 floors!
  2150 | D:6      | Reached skill level 9 in Slings
  2197 | D:6      | Noticed a black bear
  2201 | D:5      | Entered Level 5 of the Dungeon
  2213 | D:5      | Reached XP level 6. HP: 38/39 MP: 6/6
  2290 | D:5      | Reached skill level 10 in Slings
  2318 | D:5      | Found a staircase to the Ecumenical Temple.
  2331 | Temple   | Entered the Ecumenical Temple
  2665 | Temple   | Became a worshipper of Warmaster Okawaru
  2852 | D:4      | Reached XP level 7. HP: 31/44 MP: 7/7
  3006 | D:4      | Got a transparent arbalest
  3165 | D:3      | Found a snail-covered altar of Cheibriados.
  3281 | D:3      | Found a shimmering altar of Xom.
  3281 | D:3      | Found a shimmering altar of Xom.
  3300 | D:3      | Found a shimmering altar of Xom.
  3301 | D:3      | Found a shimmering altar of Xom.
  3321 | D:3      | Found a runed translucent door.
  3322 | D:3      | Noticed Crazy Yiuf
  3324 | D:3      | You fall into a shaft and drop 3 floors!
  3342 | D:6      | Reached skill level 11 in Slings
  3628 | D:3      | Noticed Grinder
  3648 | D:3      | Paralysed by Grinder for 5 turns
  3667 | D:3      | Paralysed by Grinder for 4 turns
  3673 | D:3      | Killed Grinder
  3673 | D:3      | Reached * piety under Okawaru
  3954 | D:3      | Reached skill level 12 in Slings
  4332 | D:4      | Identified the +5 arbalest of Fimbulwinter {penet, *Slow
                  | rElec Str+4} (You found it on level 4 of the Dungeon)
  4356 | D:4      | Got a transparent robe
  4373 | D:4      | Noticed Blork the orc
  4389 | D:4      | Killed Blork the orc
  4389 | D:4      | Reached skill level 1 in Invocations
  4389 | D:4      | Reached XP level 8. HP: 51/52 MP: 5/8
  4439 | D:4      | Reached skill level 1 in Armour
  5034 | D:5      | Found a sacrificial altar of Ru.
  5151 | D:5      | Reached ** piety under Okawaru
  5151 | D:5      | Reached skill level 1 in Evocations
  5422 | D:6      | Noticed Edmund
  5451 | D:6      | Killed Edmund
  5587 | D:6      | Learned a level 2 spell: Sticks to Snakes
  6201 | D:6      | Noticed a moth of wrath
  6204 | D:6      | Found a bloodstained altar of Trog.
  6568 | D:7      | Reached XP level 9. HP: 51/58 MP: 9/11
  7020 | D:7      | Noticed a hippogriff
  7029 | D:7      | Killed a hippogriff
  7115 | D:7      | Reached skill level 5 in Fighting
  7126 | D:7      | Reached *** piety under Okawaru
  7126 | D:7      | Reached skill level 5 in Armour
  7130 | D:7      | Reached skill level 5 in Invocations
  7143 | D:7      | Reached XP level 10. HP: 50/67 MP: 13/13
  7433 | D:7      | Noticed Duvessa
  7434 | D:7      | Noticed Dowan
  7486 | D:7      | Killed Duvessa
  7503 | D:7      | Killed Dowan
  7530 | D:7      | Noticed Harold
  7553 | D:7      | Killed Harold
  7553 | D:7      | Received a gift from Okawaru
  7553 | D:7      | Reached skill level 1 in Transmutations
  7553 | D:7      | Reached skill level 5 in Evocations
  7760 | D:7      | Found an ancient bone altar of Kikubaaqudgha.
  8119 | D:7      | Found an ancient bone altar of Kikubaaqudgha.
  8488 | D:8      | Found Dyirasoe's General Store.
  8492 | D:8      | Bought a scroll of identify for 24 gold pieces
  8492 | D:8      | Bought a +0 pair of boots for 54 gold pieces
  8492 | D:8      | Bought a potion of heal wounds for 60 gold pieces
  8492 | D:8      | Bought a potion of heal wounds for 60 gold pieces
  8563 | D:8      | Found an opulent altar of Gozag.
  8588 | D:8      | Found Koriad's Assorted Antiques.
  8591 | D:8      | Bought a scroll of teleportation for 66 gold pieces
  9188 | D:8      | Found a hazy altar of Hepliaklqana.
  9331 | D:8      | Bought a dazzling scale mail for 198 gold pieces
  9341 | D:8      | Identified the cursed +0 scale mail "Fuem" {rElec Int+4}
                  | (You bought it in a shop on level 8 of the Dungeon)
  9377 | D:9      | Noticed a death yak
  9377 | D:9      | Noticed a death yak
  9394 | D:8      | Killed a death yak
  9394 | D:8      | Reached **** piety under Okawaru
  9394 | D:8      | Received a gift from Okawaru
  9768 | D:9      | Noticed a death yak
  9770 | D:9      | Reached XP level 11. HP: 62/75 MP: 13/15
  9890 | D:9      | Received a gift from Okawaru
 10387 | D:9      | Noticed Joseph
 10425 | D:9      | Found a staircase to the Lair.
 10486 | D:7      | Mangled by a death yak

Levels and vault maps discovered:
D:1:      evilmike_arrival_plus, layout_loops_cross
D:2:      layout_rooms
D:3:      layout_loops_ring, lemuel_doored_altar, old_standard_altar,
          xom_redecorated, gammafunk_ghost_grave, minmay_misc_feat_rugged,
          uniq_crazy_yiuf_cottage, uniq_grinder
D:4:      layout_rooms, first_ration, kennysheep_generic_room_15,
          uniq_blork_the_orc
D:5:      layout_gridville, nicolae_ru_sacrificial_ziggurat,
          minmay_temple_entry_slanted
D:6:      layout_cave_pools, tgw_trog, uniq_edmund
D:7:      layout_basic, kennysheep_little_box, grunt_livestock, uniq_duvessa,
          uniq_harold
D:8:      layout_basic, kennysheep_mini, serial_shops, nicolae_shop_trees,
          nicolae_shop_behind_doors, grunt_gozag_statues
D:9:      layout_stronghold, vehumet_crystals, gammafunk_temple_overflow_pools,
          dpeg_lair_monsters, serial_shops,
          nicolae_shop_temple_entry_statues_fountains, gammafunk_ghost_arena,
          uniq_joseph, uniq_erolcha
Temple:   minmay_temple_forest_path

Skill      XL: |  1  2  3  4  5  6  7  8  9 10 11 |
---------------+----------------------------------+-----
Slings         | 6 7 8 9 10 12 | 12.0
Stealth        | 2 |  2.0
Fighting       | 3 4 5 7 |  7.4
Invocations    | 1 3 5 |  5.1
Armour         | 3 5 7 8 |  8.1
Evocations     | 2 4 5 |  5.5
Transmutations | 3 |  3.4
Dodging        | |  2.1

Action                   |  1- 3 |  4- 6 |  7- 9 | 10-12 || total
-------------------------+-------+-------+-------+-------++-------
Melee: Short sword       |    89 |    43 |       |       ||   132
       Dagger            |       |       |   140 |   114 ||   254
       Punch             |       |       |     1 |     1 ||     2
 Fire: Hunting sling     |    34 |   133 |   181 |   150 ||   498
Throw: Stone             |       |       |       |     1 ||     1
 Cast: Sticks to Snakes  |       |       |       |     1 ||     1
Invok: Heroism           |       |       |    10 |    16 ||    26
Evoke: Wand              |       |       |    10 |    10 ||    20
  Use: Scroll            |       |       |    14 |     9 ||    23
 Stab: Confused          |       |       |       |     2 ||     2
  Eat: Chunk             |       |     6 |     9 |     4 ||    19
       Ration            |       |       |     1 |     2 ||     3
Armor: Scale mail        |    27 |    34 |    12 |       ||    73
       Ring mail         |       |       |    42 |    40 ||    82
Dodge: Dodged            |    71 |    55 |   109 |   104 ||   339
Block: Other             |       |       |     7 |     8 ||    15
